Map: Ever Dream LE

Players

liquidthermy (uThermal)

  • Race: Terran Terran
  • Spawn Location: 7:00

Lambo - Winner!

  • Race: Zerg Zerg
  • Spawn Location: 1:00

Event: DreamHack SC2 Masters 2020 Summer Europe

VOD

Have the link to the VOD?

Description

Time

  • Played on: July 7, 2020, 11:20 a.m.
  • Length: 11:50

All games in this series

Show
View Real Time Build Order
Export as new Build Order

liquidthermy Terran 

Build Orders: Hellion Opening 

Get SALT Encoding   

  12  0:01  SCV  
  13  0:14  SCV  
  14  0:17  Supply Depot  
  14  0:26  SCV  
  15  0:39  SCV  
  15  0:40  Barracks  
  16  0:43  Refinery  
  16  0:51  SCV  
  17  1:03  SCV  
  18  1:15  SCV  
  19  1:27  Orbital Command, Barracks Reactor  
  19  1:40  Command Center  
  19  1:49  Supply Depot  
  19  1:53  SCV  
  20  2:03  Marine x2  
  20  2:05  SCV  
  23  2:12  Factory  
  23  2:17  SCV  
  23  2:20  Marine  
  23  2:21  Marine  
  27  2:30  SCV  
  27  2:31  Refinery  
  27  2:38  Marine x2  
  27  2:42  SCV  
  30  2:52  Orbital Command  
  30  2:54  SCV  
  30  2:57  Starport  
  31  3:01  Hellion  
  31  3:05  Hellion  
  35  3:07  SCV  
  35  3:09  Marine  
  37  3:15  Supply Depot  
  37  3:19  SCV  
  38  3:20  SCV  
  38  3:25  Hellion  
  41  3:28  Hellion  
  41  3:33  Medivac  
  45  3:39  Fusion Core  
  45  3:40  SCV  
  46  3:42  SCV  
  46  3:44  Marine  
  48  3:51  Supply Depot  
  48  3:53  Hellion  
  48  3:55  Hellion  
  52  3:58  SCV  
  52  4:02  SCV  
  54  4:04  Starport Tech Lab, Barracks Tech Lab  
  54  4:23  SCV  
  55  4:24  Command Center  
  55  4:27  Supply Depot  
  61  4:38  Battlecruiser  
  61  4:39  SCV  
  62  4:49  SCV  
  63  4:53  Refinery  
  63  4:54  Marine, SCV  
  63  4:57  Stimpack  
  65  5:03  SCV  
  65  5:05  Barracks x2  
  65  5:06  SCV  
  67  5:12  Marine  
  67  5:15  SCV  
  67  5:18  SCV  
  58  5:23  Engineering Bay x2  
  58  5:27  SCV  
  59  5:30  Marine, Factory Reactor, SCV  
  61  5:36  Orbital Command  
  61  5:39  SCV  
  62  5:43  SCV  
  62  5:48  Marine, Barracks x2  
  64  5:51  SCV  
  64  5:55  Terran Infantry Weapons Level 1, Terran Infantry Armor Level 1, SCV  
  64  5:56  Marine  
  67  5:57  Starport Reactor  
  67  6:00  Orbital Command  
  67  6:03  SCV  
  68  6:05  Refinery, Marine  
  68  6:06  Marine  
  68  6:07  SCV  
  71  6:14  Marine x3  
  71  6:15  SCV  
  75  6:18  Supply Depot  
  75  6:19  Siege Tank, SCV  
  75  6:20  Supply Depot  
  75  6:23  Marine  
  80  6:28  Supply Depot, SCV x2  
  80  6:30  Marine  
  83  6:34  Medivac  
  83  6:37  Barracks Reactor x2  
  85  6:40  Supply Depot, Marine, SCV x2, Medivac  
  85  6:43  SCV  
  85  6:44  Marine x2  
  93  6:47  Combat Shield  
  93  6:52  Supply Depot, SCV  
  94  6:56  Marine x2  
  94  6:57  Siege Tank  
  94  6:58  SCV  
  94  7:00  SCV  
  94  7:01  Marine  
  102  7:05  SCV  
  102  7:06  Supply Depot  
  102  7:07  Marine x2  
  105  7:10  SCV, Medivac  
  105  7:14  Marine  
  109  7:16  Marine  
  109  7:17  Marine  
  109  7:18  Marine  
  109  7:20  Missile Turret  
  109  7:21  SCV  
  113  7:22  Missile Turret  
  113  7:23  Missile Turret  
  113  7:24  Armory  
  113  7:27  Supply Depot, Marine  
  114  7:30  Siege Tank  
  114  7:32  Marine  
  114  7:33  Marine  
  119  7:40  Marine  
  119  7:41  Marine  
  121  7:46  Marine  
  121  7:49  Marine x2  
  121  7:50  Barracks  
  121  7:51  Marine, Barracks  
  126  7:52  Barracks  
  126  7:56  Marine  
  126  7:57  Supply Depot  
  130  7:59  Marine  
  130  8:00  Supply Depot  
  130  8:02  Marine  
  130  8:03  Siege Tank  
  135  8:07  Marine  
  135  8:08  Marine  
  135  8:11  Marine x2  
  133  8:14  Terran Infantry Weapons Level 2, Terran Infantry Armor Level 2  
  133  8:15  Marine x3  
  133  8:17  Marine  
  133  8:19  Marine  
  133  8:25  Marine  
  133  8:26  Marine  
  136  8:29  Supply Depot, Marine x2, Terran Vehicle Weapons Level 1  
  136  8:30  Supply Depot  
  136  8:33  Marine x2  
  141  8:35  Siege Tank  
  141  8:37  Marine x2  
  141  8:39  Marine x3  
  149  8:43  Supply Depot  
  149  8:46  Marine  
  149  8:53  Marine x2  
  149  8:54  Marine  
  152  8:57  Marine  
  152  8:59  Marine x3  
  152  9:00  Marine  
  157  9:07  Siege Tank  
  157  9:09  Marine  
  157  9:10  Marine x2, Medivac  
  157  9:11  Marine  
  157  9:13  Marine x2  
  157  9:15  Marine  
  166  9:20  Marine  
  167  9:24  Supply Depot  
  167  9:25  Supply Depot  
  167  9:26  Marine  
  167  9:28  Command Center  
  167  9:32  Medivac  
  167  9:33  Marine x3  
  167  9:34  Marine  
  169  9:42  Siege Tank, Marine  
  169  9:43  Marine x2  
  175  9:47  Medivac  
  175  9:49  Supply Depot  
  177  9:53  Marine  
  175  10:00  Marine x2  
  175  10:02  Medivac  
  175  10:03  Marine x2  
  175  10:04  Marine x2  
  175  10:05  Marine  
  184  10:08  Marine x2  
  184  10:10  Marine x2  
  184  10:11  Supply Depot, Marine  
  192  10:14  Siege Tank  
  192  10:24  Medivac  
  192  10:25  Command Center  
  194  10:29  Marine  
  194  10:30  Marine x2  
  194  10:31  Marine  
  194  10:33  Marine  
  199  10:42  Marine  
  199  10:45  Command Center  
  185  10:58  Siege Tank  
  185  11:00  Marine  
  185  11:01  Marine  
  142  11:04  Marine x4  
  142  11:05  Marine x2  
  143  11:13  Marine  
  143  11:17  Marine x3  
  147  11:18  Marine  
  147  11:19  Marine, Medivac  
  147  11:22  Marine x4  
  147  11:23  Marine  
  152  11:25  Marine  
Show
View Real Time Build Order
Export as new Build Order

Lambo Zerg - Winner!

Build Orders: Hatch First 

Get SALT Encoding   

  12  0:01  Drone  
  13  0:12  Overlord  
  13  0:16  Drone  
  14  0:30  Drone x2  
  16  0:47  Hatchery  
  15  0:50  Drone  
  15  0:54  Drone  
  17  0:57  Drone  
  18  1:08  Extractor  
  17  1:12  Spawning Pool  
  17  1:15  Drone  
  17  1:19  Drone  
  18  1:27  Drone  
  19  1:38  Drone  
  20  1:49  Overlord  
  20  1:59  Queen x2  
  20  2:00  Zergling x4  
  26  2:11  Drone x2, Metabolic Boost  
  28  2:22  Drone x2  
  30  2:35  Hatchery  
  29  2:38  Drone  
  29  2:41  Drone  
  29  2:43  Drone  
  32  2:49  Pneumatized Carapace  
  32  2:52  Overlord  
  32  2:57  Drone  
  33  3:00  Drone  
  33  3:05  Queen  
  34  3:10  Overlord  
  34  3:11  Drone  
  37  3:13  Drone  
  37  3:14  Drone  
  37  3:17  Drone  
  37  3:19  Drone  
  41  3:26  Drone  
  42  3:30  Drone  
  42  3:32  Queen  
  45  3:34  Overlord  
  45  3:40  Drone x3  
  48  3:43  Queen  
  48  3:46  Drone  
  51  3:51  Overlord  
  51  3:53  Queen  
  53  3:56  Overlord  
  53  4:00  Baneling Nest  
  52  4:04  Zergling x6  
  52  4:07  Zergling x2  
  56  4:11  Drone  
  56  4:12  Drone x2  
  56  4:13  Drone x2  
  56  4:16  Overlord  
  61  4:17  Zergling x2  
  61  4:21  Zergling x4  
  64  4:27  Zergling x4  
  66  4:32  Overlord  
  66  4:34  Queen  
  68  4:39  Zergling x2  
  68  4:40  Overlord  
  68  4:45  Drone x5, Overlord  
  74  4:51  Drone x4  
  74  4:52  Drone  
  77  4:57  Zergling x4  
  77  4:59  Drone  
  80  5:01  Lair  
  80  5:04  Drone x2  
  82  5:11  Drone x3  
  82  5:13  Zergling x2  
  82  5:14  Zergling x4  
  79  5:22  Spore Crawler x2  
  79  5:23  Drone, Spore Crawler, Queen  
  79  5:28  Queen  
  79  5:29  Zergling x2  
  79  5:31  Drone  
  79  5:32  Drone  
  79  5:35  Drone x3  
  87  5:37  Extractor x2  
  87  5:39  Baneling  
  85  5:43  Zergling x4  
  87  5:51  Drone x3  
  90  5:58  Drone x5  
  90  5:59  Evolution Chamber, Extractor x2  
  90  6:00  Evolution Chamber  
  91  6:07  Drone x4  
  91  6:08  Overlord  
  91  6:10  Centrifical Hooks  
  95  6:12  Hatchery  
  95  6:14  Extractor  
  95  6:15  Overlord  
  95  6:17  Overlord  
  93  6:19  Overlord  
  93  6:20  Overlord  
  93  6:23  Overlord  
  93  6:26  Zerg Melee Weapons Level 1, Zerg Ground Armor Level 1  
  93  6:32  Drone  
  94  6:33  Drone  
  94  6:35  Drone  
  94  6:37  Hydralisk Den, Zergling x10  
  100  6:40  Zergling x2  
  100  6:46  Zergling x2  
  100  6:47  Zergling x10  
  107  6:50  Drone  
  107  6:52  Drone  
  109  6:57  Drone  
  110  7:03  Drone x2  
  110  7:08  Zergling x2  
  113  7:13  Drone x6  
  113  7:14  Zergling x6  
  122  7:15  Baneling x7  
  122  7:16  Muscular Augments  
  122  7:21  Hydralisk x2  
  126  7:27  Hydralisk x2  
  126  7:29  Hydralisk  
  130  7:32  Baneling x8  
  130  7:33  Baneling x3  
  130  7:34  Hydralisk x2  
  135  7:45  Drone x8  
  135  7:46  Infestation Pit  
  135  7:47  Hydralisk  
  135  7:49  Overlord  
  144  7:52  Extractor  
  144  7:58  Zergling x2  
  144  7:59  Overlord  
  144  8:00  Overlord  
  144  8:02  Overlord x2  
  143  8:06  Overlord  
  143  8:08  Overlord  
  143  8:11  Drone x2  
  140  8:17  Zergling x24  
  152  8:21  Zerg Melee Weapons Level 2  
  152  8:25  Zerg Ground Armor Level 2  
  152  8:26  Hatchery  
  151  8:28  Grooved Spines  
  151  8:34  Hive  
  151  8:35  Zergling x16  
  159  8:47  Zergling x18  
  167  8:51  Zergling x2  
  167  8:53  Zergling x2  
  169  8:58  Hydralisk  
  169  8:59  Hydralisk x4  
  172  9:03  Zergling x2  
  172  9:06  Zergling x12  
  173  9:14  Zergling x12  
  173  9:15  Baneling x7  
  179  9:18  Zergling x2  
  179  9:23  Zergling x4  
  182  9:30  Hydralisk  
  182  9:31  Hydralisk x2  
  182  9:41  Overlord  
  182  9:42  Spore Crawler  
  182  9:43  Overlord  
  181  9:45  Adrenal Glands  
  181  9:46  Viper x3  
  181  9:48  Ultralisk Cavern, Zergling x18  
  181  9:49  Unknown  
  197  9:58  Zergling x2  
  197  10:08  Zergling x6  
  197  10:12  Overlord  
  200  10:14  Overlord  
  198  10:22  Zergling x4  
  198  10:26  Overseer  
  200  10:30  Baneling x11  
  200  10:38  Spire  
  199  10:44  Zergling x2  
  179  10:58  Zergling x54  
  179  10:59  Zergling x4  
  179  11:03  Hydralisk x5  
  170  11:08  Zergling x2  
  170  11:11  Hydralisk x4  
  164  11:14  Baneling x7  
  164  11:18  Zergling x2  
  173  11:20  Baneling x14  
  173  11:22  Zergling x14  
  170  11:30  Zergling x14  
Tags
 
Add a new tag
Caveats
  • Supply blocks, unpowered buildings, or Contaminate may cause inaccurate times.
  • Supply counts are checked every 10 seconds.